 Dungeon Crawl Stone Soup version 0.27-a0-1325-g58a489ad9e (webtiles) character file.

Game seed: 5467769063311332618

3406 hatdisgam the Carver (level 10, -1/49 HPs)
             Began as a Vine Stalker Fighter on June 25, 2021.
             Was a Believer of Dithmenos.
             Slain by a sun demon (15 damage)
             ... summoned by an orc high priest
             ... in a bailey.
             The game lasted 00:12:37 (6103 turns).

hatdisgam the Carver (Vine Stalker Fighter)         Turns: 6103, Time: 00:12:38

Health: -1/49      AC: 13    Str: 20    XL:     10   Next: 4%
Magic:  0/10       EV: 11    Int: 10    God:    Dithmenos [**....]
Gold:   1423       SH: 12    Dex: 14    Spells: 9/9 levels left

rFire    . . .     SeeInvis .   a - +1 long sword
rCold    . . .     Faith    .   c - +1 kite shield
rNeg     . . .     Spirit   +   e - +3 ring mail
rPois    .         Reflect  .   k - +0 helmet
rElec    .         Harm     .   d - +2 cloak
rCorr    .         Rampage  .   (no gloves)
Will     ++...                  q - +0 pair of boots
Stlth    +.........             (no amulet)
HPRegen  1.16/turn              (no ring)
MPRegen  0.12/turn              (no ring)

@: wreathed by umbra
A: fangs 3, regeneration 1, magic shield, antimagic bite, no potion heal 2, low
mp 1, strong-willed 1
a: Renounce Religion, Shadow Step


You were in a bailey.
You worshipped Dithmenos.
Dithmenos was pleased with you.
You visited 1 branch of the dungeon, and saw 7 of its levels.
You also visited: Bailey.

You collected 1423 gold pieces.

Inventory:

Hand Weapons
 a - a +1 long sword (weapon)
 m - a +0 dagger
 E - a +2 dagger of venom
Missiles
 h - 4 sling bullets
 i - 112 stones (quivered)
 j - 3 boomerangs
 t - 10 poisoned darts
 H - a curare-tipped dart
Armour
 b - a +0 scale mail
 c - a +1 kite shield (worn)
 d - a +2 cloak (worn)
 e - a +3 ring mail (worn)
 k - a +0 helmet (worn)
 q - a +0 pair of boots (worn)
Jewellery
 u - an amulet of magic regeneration
 B - a ring of poison resistance
 C - a ring of magical power
Wands
 I - a wand of polymorph (6)
Scrolls
 f - a scroll of enchant armour
 g - a scroll of enchant weapon
 l - 4 scrolls of teleportation
 o - a scroll of immolation {unknown}
 p - a scroll of magic mapping
 s - a scroll of vulnerability {unknown}
 v - 2 scrolls of identify {unknown}
 y - a scroll of blinking {unknown}
 F - a scroll of fog {unknown}
 G - a scroll of holy word {unknown}
 K - a scroll of silence {unknown}
 L - a scroll of summoning {unknown}
Potions
 r - 2 potions of curing
 w - a potion of lignification {unknown}
 z - a potion of degeneration
 A - a potion of ambrosia {unknown}
 D - a potion of heal wounds {unknown}
 J - a potion of flight {unknown}


   Skills:
 + Level 4.1 Fighting
 * Level 9.3 Long Blades
 - Level 2.4 Armour
 - Level 4.8 Dodging
 + Level 6.9 Shields


You had 9 spell levels left.
You didn't know any spells.
Your spell library contained the following spells:

 Spells                   Type           Power      Damage    Failure   Level
 Animate Skeleton         Necr           0%         N/A       87%         1
 Apportation              Tloc           0%         N/A       87%         1
 Beastly Appendage        Tmut           0%         N/A       87%         1
 Corona                   Hex            0%         N/A       87%         1
 Summon Small Mammal      Summ           0%         N/A       87%         1
 Poisonous Vapours        Pois/Air       0%         N/A       95%         2
 Wereblood                Tmut           0%         N/A       95%         2
 Conjure Flame            Conj/Fire      0%         6-21      99%         3
 Mephitic Cloud           Conj/Pois/Air  0%         N/A       99%         3
 Spider Form              Tmut/Pois      0%         N/A       99%         3
 Ice Form                 Ice/Tmut       0%         N/A       100%        4
 Freezing Cloud           Conj/Ice/Air   0%         6-21      100%        5


Dungeon Overview and Level Annotations

Branches:
Dungeon (7/15)             Temple (0/1) D:7          Bailey (1/1)

Altars:
Dithmenos
Vehumet
The Shining One
Beogh

Shops:
D:4 [   D:6 [

Annotations:
D:3 3 runed translucent doors, mojowtm's ghost, amateur TeCj


Innate Abilities, Weirdness & Mutations

You have razor-sharp teeth.
Your natural rate of healing is unusually fast.
When hurt, damage is shared between your health and your magic reserves.
Your bite disrupts and absorbs the magic of your enemies.
Potions cannot restore your health.
Your magical capacity is low. (-10% MP)
You are strong-willed. (Will+)


Message History

You hit the orc high priest. Your bite misses the orc high priest.
The orc high priest is lightly wounded.
The orc high priest prays to Beogh.
The orc high priest hits you with a +0 war axe.
You hit the orc high priest.
You bite the orc high priest, but do no damage.
The orc high priest is lightly wounded.
You block the orc high priest's attack.
You hit the orc high priest but do no damage.
The orc high priest is lightly wounded.
The orc high priest hits you with a +0 war axe.
You hit the orc high priest but do no damage.
The orc high priest is lightly wounded.
You block the orc high priest's attack.
You barely miss the orc high priest.
You bite the orc high priest, but do no damage.
The orc high priest is lightly wounded.
The sun demon barely misses you.
You riposte.
You miss the sun demon. Your bite misses the sun demon.
The orc high priest hits you with a +0 war axe!
The sun demon closely misses you.
You slash the orc high priest!
You bite the orc high priest, but do no damage.
The orc high priest is moderately wounded.
The orc high priest hits you with a +0 war axe.
The sun demon completely misses you.
You hit the orc high priest. You bite the orc high priest. You drain its power.
You feel invigorated.
The orc high priest is moderately wounded.
You block the sun demon's attack.
The orc high priest calls down the wrath of Beogh upon you.
Beogh smites you!
You closely miss the orc high priest. You bite the orc high priest.
You drain its power.
You feel invigorated.
The orc high priest is moderately wounded.
The sun demon closely misses you. You block the orc high priest's attack.
The sun demon hits you!
* * * LOW HITPOINT WARNING * * *
You are engulfed in flames!!
You die...

#.. ≈≈≈≈≈≈≈
..###≈≈≈≈≈≈≈
...#≈≈≈≈≈≈≈
..#≈≈≈≈≈≈≈
#'#≈≈≈≈≈≈≈
#.≈≈≈≈≈≈≈≈
#))≈≈≈≈≈≈≈ ...#
#.≈≈≈≈≈≈≈≈ ...
#@≈≈≈≈≈≈≈≈
#######
#o3≈≈≈≈≈≈≈
#.......
...#+##4≈≈≈≈≈≈≈≈
...Ko.o.
......'.≈≈≈≈≈≈≈≈
g.gg....
....8.#.≈≈≈≈≈≈≈≈
g3...g..
......#.≈≈≈≈≈≈≈≈
K### ###.8
#.≈≈≈≈≈≈≈
g..#######....
#.≈≈≈≈≈≈≈
..3#.....#...
#))≈≈≈≈≈≈


You could see an orc high priest, a sun demon (summoned) and a chaos spawn
(summoned).

Vanquished Creatures
  Pikel (D:6)
  Maggie (D:6)
  Grinder (D:5)
  Menkaure (D:4)
  A water moccasin (D:5)
  Duvessa (D:5)
  A sky beast (D:4)
  3 orc warriors (Bailey)
  An ice beast (D:7)
  2 ogres
  2 phantoms
  A kobold brigand (D:6)
  3 bullfrogs
  5 scorpions
  Dowan (D:5)
  A howler monkey (D:5)
  2 electric eels (Bailey)
  6 jellies
  A gnoll shaman (D:5)
  A centaur skeleton (D:7)
  An iguana (D:5)
  Crazy Yiuf (D:2)
  Natasha (thrice) (D:3)
  A killer bee zombie (D:6)
  Robin (D:2)
  6 gnolls
  A howler monkey skeleton (D:7)
  7 adders
  4 ufetubi
  3 dart slugs
  7 orcs
  4 bats
  11 endoplasms
  2 giant cockroaches
  12 hobgoblins
  3 jackals (D:3)
  12 kobolds
  4 quokkas
  9 ball pythons
  2 ball python zombies (D:2)
  4 frilled lizards (D:1)
  20 goblins
  7 rats
161 creatures vanquished.

Vanquished Creatures (others)
  8 plants (D:7)
  4 withered plants (D:2)
12 creatures vanquished.

Grand Total: 173 creatures vanquished

Notes
Turn   | Place    | Note
-------+----------+-------------------------------------------
     0 | D:1      | hatdisgam the Vine Stalker Fighter began the quest for the
                  | Orb.
     0 | D:1      | Reached XP level 1. HP: 11/11 MP: 2/2
    42 | D:1      | Reached skill level 2 in Long Blades
   346 | D:1      | Reached XP level 2. HP: 16/16 MP: 3/3
   923 | D:1      | Reached XP level 3. HP: 19/19 MP: 4/4
  1182 | D:2      | Noticed Robin
  1280 | D:1      | Reached skill level 1 in Dodging
  1405 | D:2      | Killed Robin
  1600 | D:2      | Reached skill level 3 in Long Blades
  1617 | D:2      | Found a runed translucent door.
  1618 | D:2      | Noticed Crazy Yiuf
  1655 | D:2      | Gained mutation: Your natural rate of healing is unusually
                  | fast. [Vine Stalker growth]
  1655 | D:2      | Reached XP level 4. HP: 20/23 MP: 5/5
  1953 | D:2      | Found a radiant altar of Vehumet.
  2259 | D:2      | Killed Crazy Yiuf
  2260 | D:2      | Reached XP level 5. HP: 13/27 MP: 2/6
  2524 | D:3      | Noticed Natasha
  2542 | D:3      | Killed Natasha
  2561 | D:3      | Noticed Natasha
  2565 | D:3      | Killed Natasha
  2566 | D:3      | Reached skill level 4 in Long Blades
  2766 | D:3      | Found a runed translucent gate.
  2766 | D:3      | Found a runed translucent gate.
  2777 | D:3      | Noticed mojowtm's ghost (amateur TeCj)
  2778 | D:3      | Found a runed translucent gate.
  3010 | D:3      | Noticed Natasha
  3018 | D:3      | Killed Natasha
  3019 | D:3      | Reached XP level 6. HP: 32/32 MP: 7/7
  3176 | D:3      | Found a faded altar of an unknown god.
  3409 | D:4      | Noticed Menkaure
  3483 | D:4      | Killed Menkaure
  3484 | D:4      | Reached XP level 7. HP: 19/35 MP: 8/8
  3558 | D:4      | Found a glowing golden altar of the Shining One.
  3640 | D:4      | Reached skill level 5 in Long Blades
  3654 | D:4      | Found Jeplojup's Armour Emporium.
  3676 | D:4      | Found a shadowy altar of Dithmenos.
  3824 | D:4      | Became a worshipper of Dithmenos the Shadowed
  3838 | D:5      | Entered Level 5 of the Dungeon
  3872 | D:5      | Noticed Dowan
  3873 | D:5      | Noticed Duvessa
  3890 | D:5      | Killed Duvessa
  3898 | D:5      | Gained mutation: You sometimes lose the ability to read
                  | scrolls when taking damage. [potion of mutation]
  3898 | D:5      | Gained mutation: You are partially covered in iridescent
                  | scales. (AC +2) [potion of mutation]
  4045 | D:5      | Noticed Grinder
  4057 | D:5      | Paralysed by Grinder for 3 turns
  4060 | D:5      | Killed Dowan
  4073 | D:5      | Killed Grinder
  4074 | D:5      | Reached skill level 6 in Long Blades
  4074 | D:5      | Gained mutation: You have razor-sharp teeth. [Vine Stalker
                  | growth]
  4074 | D:5      | Reached XP level 8. HP: 12/39 MP: 6/9
  4117 | D:5      | Reached skill level 5 in Shields
  4249 | D:5      | Reached * piety under Dithmenos
  4266 | D:5      | Reached skill level 7 in Long Blades
  4723 | D:6      | Reached XP level 9. HP: 43/43 MP: 10/10
  4877 | D:6      | Found Bukofel's Armour Shoppe.
  4883 | D:6      | Noticed Maggie
  4883 | D:6      | Noticed Pikel
  4897 | D:6      | Killed Pikel
  4898 | D:6      | Reached skill level 8 in Long Blades
  4913 | D:6      | Killed Maggie
  5592 | D:7      | Found a staircase to the Ecumenical Temple.
  5848 | D:7      | Found a flagged portal.
  5860 | D:7      | Reached ** piety under Dithmenos
  5868 | Bailey   | Entered a bailey
  5885 | Bailey   | Reached skill level 9 in Long Blades
  5923 | Bailey   | Found an iron altar of Okawaru.
  5923 | Bailey   | Noticed a kobold demonologist
  5923 | Bailey   | Noticed an orc high priest
  5929 | Bailey   | Noticed a soul eater
  5929 | Bailey   | Noticed a red devil
  5932 | Bailey   | Noticed a smoke demon
  5949 | Bailey   | Lost mutation: You sometimes lose the ability to read
                  | scrolls when taking damage. [potion of mutation]
  5949 | Bailey   | Lost mutation: You are partially covered in iridescent
                  | scales. (AC +2) [potion of mutation]
  5949 | Bailey   | Gained mutation: Your magical capacity is low. (-10% MP)
                  | [potion of mutation]
  5949 | Bailey   | Gained mutation: You are strong-willed. (Will+) [potion of
                  | mutation]
  6031 | Bailey   | Reached XP level 10. HP: 47/49 MP: 10/10
  6047 | Bailey   | Acquired 967 gold pieces
  6097 | Bailey   | Noticed a sun demon
  6103 | Bailey   | Slain by a sun demon

Illustrated notes

Levels and vault maps discovered:
D:1:      dpeg_arrival_pond, layout_basic
D:2:      layout_loops_cross, basic_altar, serial_undead, serial_undead_f,
          serial_undead_b, serial_undead_a, serial_undead_c,
          uniq_crazy_yiuf_cottage, uniq_robin
D:3:      layout_loops_corners, gammafunk_ghost_split,
          hellmonk_ecumenical_altar_defaced_shrine, uniq_natasha
D:4:      layout_rooms, tso_metal_star, nicolae_dithmenos_shadow_blocks,
          serial_shops, nicolae_shop_crystal, minmay_misc_feat_rugged,
          uniq_menkaure
D:5:      layout_rooms, uniq_duvessa, uniq_grinder
D:6:      layout_loops_corners, serial_shops, nicolae_shop_crystal, uniq_maggie,
          uniq_pikel
D:7:      layout_basic, old_standard_altar, minmay_temple_entry_enclosed_plants,
          nicolae_ossuary_entry_monument, enter_bailey_7
Bailey:   bailey_axe_of_yendor_kennysheep, bailey

Skill      XL: |  1  2  3  4  5  6  7  8  9 |
---------------+----------------------------+-----
Long Blades    | 2 3 4 6 7 9 |  9.3
Shields        | 3 4 5 6 |  6.9
Dodging        | 1 2 3 4 |  4.8
Fighting       | 4 |  4.1
Armour         | |  2.4

Action                   |  1- 3 |  4- 6 |  7- 9 | 10-12 || total
-------------------------+-------+-------+-------+-------++-------
Melee: Long sword        |   119 |   134 |   262 |    25 ||   540
       Bite              |    31 |    49 |   103 |     9 ||   192
Evoke: Wand              |       |       |    10 |       ||    10
  Use: Potion            |       |     1 |     3 |       ||     4
       Scroll            |       |       |     5 |     1 ||     6
Armor: Ring mail         |    58 |    52 |   100 |     2 ||   212
Dodge: Dodged            |    53 |    38 |   103 |    10 ||   204
Block: Kite shield       |    75 |    76 |   153 |    13 ||   317
       Rpst.: Long sword |    13 |    13 |    32 |     2 ||    60

Table legend: (Time is in decaauts)
 A = Elapsed time spent in this place.
 B = Non-inter-level travel time spent in this place.
 C = Inter-level travel time spent in this place.
 D = Time resting spent in this place.
 E = Time spent auto-exploring this place.
 F = Levels seen in this place.
 G = Mean time per level.
                   A        B        C        D        E       F      G
               +--------+--------+--------+--------+--------+-----+--------+
         Total |   6296 |   6162 |    134 |    504 |   4275 |   8 |  787.0 |
       Dungeon |   6055 |   5921 |    134 |    452 |   4243 |   7 |  865.0 |
        Bailey |    241 |    241 |      0 |     52 |     32 |   1 |  241.0 |
               +--------+--------+--------+--------+--------+-----+--------+

Top non-repeatable levels by time:
     D:1: 1567 daAuts
     D:3: 1003 daAuts
     D:6: 966 daAuts
     D:2: 841 daAuts
     D:5: 704 daAuts
     D:4: 560 daAuts
     D:7: 411 daAuts
  Bailey: 241 daAuts
